 Dungeon Sprint DCSS version 0.21-a0-241-g2cbab09 (webtiles) character file.

436 terra52 the Fighter (level 7, -5/70 HPs)
             Began as a Ghoul Fighter on Sept 3, 2017.
             Was an Initiate of Okawaru.
             Slain by Sonja
             ... wielding a +1 short sword of distortion
              (21 damage)
             ... in the Dungeon (Sprint I: "Red Sonja").
             The game lasted 00:01:55 (319 turns).

terra52 the Fighter (Ghoul Fighter)                  Turns: 319, Time: 00:01:56

Health: -5/70      AC:  8    Str: 20    XL:     7   Next: 1%
Magic:  6/6        EV:  8    Int:  3    God:    Okawaru [......]
Gold:   297        SH: 10    Dex: 10    Spells: 6/6 levels left

rFire    . . .     SeeInvis .   a - +0 long sword
rCold    + . .     Gourm    .   c - +0 shield
rNeg     + + +     Faith    .   b - +0 scale mail
rPois    ∞         Spirit   .   (no helmet)
rElec    .         Reflect  .   (no cloak)
rCorr    .         Harm     .   (no gloves)
MR       .....     NoTele   +   (no boots)
Stlth    ..........             (no amulet)
HPRegen  0.00/turn              (no ring)
MPRegen  0.10/turn              (no ring)

@: rotting
A: rotting body, claws 1, carnivore 3, cold resistance 1, negative energy
resistance 3, inhibited regeneration, torment resistance, unbreathing
a: Renounce Religion


You were in the Dungeon.
You worshipped Okawaru.
Okawaru was noncommittal.
You were not hungry.

You visited 1 branch You collected 297 gold pieces.

Inventory:

Hand Weapons
 a - a +0 long sword (weapon)
Armour
 b - a +0 scale mail (worn)
 c - a +0 shield (worn)
Scrolls
 k - a scroll of blinking
Potions
 e - a potion of curing
 g - a potion of heal wounds
 h - a potion of haste
 i - 2 potions of magic
 j - a potion of berserk rage
Comestibles
 f - a meat ration


   Skills:
 + Level 9.0 Fighting
 + Level 5.4 Long Blades
 + Level 7.6 Armour
 + Level 0.6 Dodging
 + Level 0.5 Stealth
 + Level 7.4 Shields


You had 6 spell levels left.
You didn't know any spells.

Dungeon Overview and Level Annotations

Branches:
Dungeon (1/1)

Altars:
Cheibriados
Dithmenos
Elyvilon
Fedhas
Gozag
Hepliaklqana
Kikubaaqudgha
Nemelex Xobeh
Okawaru
Qazlal
Ru
Sif Muna
Trog
Uskayaw
Vehumet
Wu Jian
Yredelemnul
Zin
The Shining One

Shops:
D (

Annotations:
D Sonja


Innate Abilities, Weirdness & Mutations

Your body is rotting away.
You thrive on raw meat.
You are immune to poison.
You have sharp fingernails.
You are carnivorous and can eat meat at any time.
Your flesh is cold resistant. (rC+)
You are immune to negative energy. (rN+++)
You do not regenerate when monsters are visible.
You are immune to unholy pain and torment.
You can survive without breathing.


Message History

* * * LOW HITPOINT WARNING * * *
Sonja closely misses you. Sonja barely misses you.
Sonja hits you but does no damage. Sonja closely misses you.
You block Sonja's attack.
You barely miss Sonja.
Sonja is severely wounded.
Sonja mumbles some strange words.
Sonja blinks!
Unknown command.
There is an open door here.
You see here a curare-tipped needle.
You miss Sonja.
Sonja is heavily wounded.
Sonja hits you but does no damage. Space bends around you.
* * * LOW HITPOINT WARNING * * *
Sonja barely misses you.
Sonja hits you with an uncursed short sword of distortion.
* * * LOW HITPOINT WARNING * * *
Space warps horribly around you!
You die...

#<.#..)..#.)'..#
#..'[.#..'..#..+
#..#####'#####'#
#..####..#...#(#
#..#__####..##(#
#..#_____##'#_.+
#⌠⌠#_.∩...'..._#
####_..__##_K#'#
#_____###@#)#
####### #(###
+$.$+ #$.$#
##(## #+#


You could see Sonja.

Vanquished Creatures
  Sigmund (D)
  A yak (D)
  An ogre (D)
  A jelly (D)
  Ijyb (D)
5 creatures vanquished.

Notes
Turn   | Place    | Note
-------+----------+-------------------------------------------
     0 | D        | terra52 the Ghoul Fighter began the quest for the Orb.
     0 | D        | Reached XP level 1. HP: 19/19 MP: 0/0
     2 | D        | Noticed Ijyb
     5 | D        | Killed Ijyb
     5 | D        | Reached skill level 4 in Fighting
     5 | D        | Reached XP level 2. HP: 28/28 MP: 1/1
     8 | D        | Noticed an ogre
    10 | D        | Killed an ogre
    10 | D        | Reached skill level 6 in Fighting
    10 | D        | Reached skill level 5 in Armour
    10 | D        | Reached skill level 5 in Shields
    10 | D        | Reached XP level 3. HP: 38/38 MP: 2/2
    10 | D        | Reached XP level 4. HP: 45/45 MP: 3/3
    14 | D        | Noticed Sigmund
    19 | D        | Killed Sigmund
    19 | D        | Reached skill level 8 in Fighting
    19 | D        | Reached XP level 5. HP: 41/55 MP: 4/4
    19 | D        | Reached XP level 6. HP: 47/62 MP: 5/5
    40 | D        | Found a deep blue altar of Sif Muna.
    41 | D        | Found an ornate altar of the Wu Jian Council.
    42 | D        | Found a radiant altar of Vehumet.
    53 | D        | Found Xeip's Weapon Emporium.
    53 | D        | Found an ancient bone altar of Kikubaaqudgha.
    53 | D        | Found a hazy altar of Hepliaklqana.
    53 | D        | Found a stormy altar of Qazlal.
    53 | D        | Found a hide-covered altar of Uskayaw.
    53 | D        | Found a blossoming altar of Fedhas.
    53 | D        | Found a bloodstained altar of Trog.
    53 | D        | Found an iron altar of Okawaru.
    53 | D        | Found a basalt altar of Yredelemnul.
    53 | D        | Found a glowing golden altar of the Shining One.
    53 | D        | Found a snail-covered altar of Cheibriados.
    53 | D        | Found a sacrificial altar of Ru.
    53 | D        | Found a glowing silver altar of Zin.
    53 | D        | Found a shadowy altar of Dithmenos.
    53 | D        | Found a white marble altar of Elyvilon.
    53 | D        | Noticed a yak
    71 | D        | Killed a yak
    71 | D        | Reached skill level 9 in Fighting
    71 | D        | Reached skill level 5 in Long Blades
    71 | D        | Reached XP level 7. HP: 7/69 MP: 6/6
    74 | D        | Found an opulent altar of Gozag.
    75 | D        | Found a sparkling altar of Nemelex Xobeh.
    80 | D        | Became a worshipper of Warmaster Okawaru
   307 | D        | Noticed Sonja
   319 | D        | Slain by Sonja

Vault maps used:
D:        dungeon_sprint_1

Skill      XL: |  1  2  3  4  5  6 |
---------------+-------------------+-----
Fighting       | 4 6 8 9 |  9.0
Long Blades    | 2 3 4 5 |  5.4
Armour         | 3 5 6 7 |  7.6
Shields        | 3 5 6 7 |  7.4
Dodging        | |  0.6
Stealth        | |  0.5

Action                   |  1- 3 |  4- 6 |  7- 9 || total
-------------------------+-------+-------+-------++-------
Melee: Long sword        |     3 |    26 |     5 ||    34
  Use: Potion            |     1 |       |       ||     1
  Eat: Chunk             |       |     2 |     2 ||     4
Armor: Scale mail        |       |     4 |     4 ||     8
Dodge: Dodged            |     2 |     7 |     8 ||    17
Block: Shield            |     1 |    12 |     8 ||    21
       Rpst.: Long sword |     2 |     1 |     2 ||     5

Table legend:
 A = Spawn XP
 B = Non-spawn XP
 C = Spawn XP percentage of total XP
 D = Spawn monster count
 E = Non-spawn monster count
 F = Spawn count percentage of total count
 G = Total turns spent on level
                    A         B        C        D         E        F      G
               +---------+---------+-------+---------+---------+-------+---------
         Total |       0 |     623 |   0.0 |       0 |       5 |   0.0 |   319
               +---------+---------+-------+---------+---------+-------+---------
             D |       0 |     623 |   0.0 |       0 |       5 |   0.0 |   319
               +---------+---------+-------+---------+---------+-------+---------
